 Dungeon Crawl Stone Soup version 0.21.1-1-g345015f (webtiles) character file.

5596 tester123 the Spear-Bearer (level 10, 0/80 HPs)
             Began as a Merfolk Gladiator on July 26, 2018.
             Slain by a polar bear (10 damage)
             ... on level 8 of the Dungeon.
             The game lasted 00:55:33 (10331 turns).

tester123 the Spear-Bearer (Merfolk Gladiator)     Turns: 10331, Time: 00:55:33

Health: 0/80       AC:  6    Str: 22    XL:     10   Next: 73%
Magic:  19/19      EV: 25    Int:  8    God:
Gold:   773        SH:  0    Dex: 20    Spells: 9/9 levels left

rFire    . . .     SeeInvis .   L - +4 halberd
rCold    . . .     Gourm    +   (shield currently unavailable)
rNeg     . . .     Faith    .   b - +0 leather armour
rPois    .         Spirit   .   c - +0 helmet
rElec    .         Reflect  .   (no cloak)
rCorr    .         Harm     .   I - +0 pair of gloves
MR       .....                  E - +0 pair of boots
Stlth    +++++.....             p - amulet of the gourmand
HPRegen  0.23/turn              n - +4 ring of strength
MPRegen  0.16/turn              s - ring of magical power

@: agile
A: change form in water, swift swim, stealthy swim
a: no special abilities


You were on level 8 of the Dungeon.
You were very full.

You visited 1 branch of the dungeon, and saw 8 of its levels.
You also visited: Ossuary.

You collected 773 gold pieces.

Inventory:

Hand Weapons
 a - a +0 trident
 v - a +0 halberd
 x - a +0 trident
 z - a cursed -2 dagger
 L - a +4 halberd (weapon)
 M - a +2 dagger of holy wrath
Missiles
 d - 6 throwing nets (quivered)
Armour
 b - a +0 leather armour (worn)
 c - a +0 helmet (worn)
 l - a +0 leather armour
 A - a +1 robe of magic resistance
 E - a +0 pair of boots (worn)
 F - a +0 buckler
 I - a +0 pair of gloves (worn)
 N - a +0 leather armour of cold resistance
Jewellery
 n - a +4 ring of strength (left hand)
 p - an amulet of the gourmand (around neck)
 s - a ring of magical power (right hand)
 y - an uncursed ring of poison resistance
 C - a +3 ring of strength
 D - a cursed -2 ring of evasion
Wands
 J - a wand of polymorph (13)
Scrolls
 h - 3 scrolls of fog {unknown}
 i - 3 scrolls of teleportation
 j - 3 scrolls of fear {unknown}
 o - 2 scrolls of magic mapping {unknown}
 q - a scroll of random uselessness {unknown}
 r - 2 scrolls of enchant armour {unknown}
 t - a scroll of enchant weapon {unknown}
 u - 2 scrolls of remove curse {unknown}
 w - 2 scrolls of amnesia {unknown}
 O - a scroll of blinking {unknown}
Potions
 e - a potion of curing
 k - 2 potions of brilliance {unknown}
 m - 2 potions of mutation {unknown}
 B - 2 potions of haste {unknown}
 G - a potion of degeneration
 H - a potion of resistance {unknown}
 K - a potion of flight {unknown}
Comestibles
 f - 16 rations


   Skills:
 + Level 8.0 Fighting
 * Level 14.1 Polearms
 - Level 2.0 Throwing
 + Level 10.0 Dodging
 + Level 8.3 Stealth


You had 9 spell levels left.
You didn't know any spells.

Dungeon Overview and Level Annotations

Branches:
Dungeon (8/15)             Temple (0/1) D:4
   Lair: D:8-11

Altars:
Ashenzari
Dithmenos
Gozag
Okawaru
The Shining One

Shops:
D:4 ??(


Message History

The polar bear misses you.
The polar bear bites you but does no damage.
The polar bear completely misses you. The polar bear claws you.
* * * LOW HITPOINT WARNING * * *
The polar bear bites you.
* * * LOW HITPOINT WARNING * * *
The polar bear completely misses you. x2
You hit the polar bear but do no damage.
The polar bear is severely wounded.
The polar bear completely misses you. The polar bear closely misses you.
The polar bear claws you.
* * * LOW HITPOINT WARNING * * *
You barely miss the polar bear.
The polar bear is severely wounded.
The polar bear completely misses you. The polar bear closely misses you.
The polar bear completely misses you.
You hit the polar bear.
The polar bear is almost dead.
The polar bear bites you!
You die...

#).## ##..#
#.<.# #..##
....## #...#
#..# #.....#
#...# #..#
#.....# ##..##
##.## #.....#
##.[##
#..###.....#
##..##
##..##.....#
##..##
##.h......#
##..###
###@.8...#
##...#
##.....#...
##..###.....##
###.#....##....#
##.##### #..##
##.# ### ##


You could see a polar bear (berserk).

Vanquished Creatures
  3 two-headed ogres
  2 hippogriffs
  A spriggan (D:8)
  A hungry ghost (D:8)
  Duvessa (D:7)
  A sky beast (D:7)
  5 orc warriors
  2 ice beasts (D:8)
  2 wolves
  2 phantoms
  2 centaurs
  2 ogres
  A big kobold (D:7)
  2 bullfrogs
  A scorpion (D:8)
  Dowan (D:7)
  2 howler monkeys
  A centaur zombie (D:7)
  3 crimson imps
  A bullfrog zombie (D:7)
  A human zombie (Ossuary)
  7 orc wizards
  2 orc priests
  2 hounds
  A bullfrog skeleton (D:8)
  A centaur skeleton (D:5)
  2 iguanas
  A water moccasin simulacrum (D:8)
  5 worker ants
  A big kobold zombie (Ossuary)
  A bullfrog simulacrum (D:8)
  2 mummies (Ossuary)
  13 gnolls
  5 adders
  3 white imps (D:8)
  2 ufetubi (D:8)
  2 oozes
  3 adder skeletons
  2 worms
  2 dart slugs
  An adder simulacrum (D:8)
  5 leopard geckos
  30 orcs
  A ball python (D:1)
  3 giant cockroaches
  3 gnoll zombies (Ossuary)
  9 hobgoblins
  13 jackals
  4 quokkas
  6 bats
  4 frilled lizards
  3 goblins
  2 goblin zombies (Ossuary)
  4 hobgoblin zombies (Ossuary)
  9 kobolds
  2 leopard gecko skeletons
  3 orc zombies (Ossuary)
  8 rats
204 creatures vanquished.

Notes
Turn   | Place    | Note
-------+----------+-------------------------------------------
     0 | D:1      | tester123 the Merfolk Gladiator began the quest for the Orb.
     0 | D:1      | Reached XP level 1. HP: 16/16 MP: 1/1
   188 | D:1      | Reached XP level 2. HP: 23/23 MP: 2/2
   389 | D:1      | Reached skill level 1 in Stealth
   854 | D:2      | Reached skill level 5 in Polearms
   882 | D:2      | Reached XP level 3. HP: 19/28 MP: 3/3
  1632 | D:2      | Found a shadowy altar of Dithmenos.
  1658 | D:2      | Reached XP level 4. HP: 34/34 MP: 4/4
  1912 | D:3      | Found a glowing golden altar of the Shining One.
  2006 | D:3      | Found a shattered altar of Ashenzari.
  2170 | D:3      | Found a faded altar of an unknown god.
  2635 | D:4      | Found a staircase to the Ecumenical Temple.
  2694 | D:4      | Reached skill level 6 in Polearms
  2694 | D:4      | Reached XP level 5. HP: 35/41 MP: 5/5
  2761 | D:4      | Found Gefyw's Weapon Boutique.
  2787 | D:4      | Found Ajuwkubb's Magic Scroll Boutique.
  2867 | D:4      | Reached skill level 5 in Dodging
  2938 | D:4      | Noticed an ogre
  2983 | D:4      | Killed an ogre
  2983 | D:4      | Reached XP level 6. HP: 41/47 MP: 6/6
  3058 | D:4      | Reached skill level 7 in Polearms
  3120 | D:4      | Found Juesoij's Magic Scroll Shop.
  3307 | D:5      | Entered Level 5 of the Dungeon
  3307 | D:5      | Noticed an orc warrior
  3933 | D:5      | Killed an orc warrior
  3933 | D:5      | Reached XP level 7. HP: 48/54 MP: 7/7
  4106 | D:5      | Found an opulent altar of Gozag.
  4214 | D:5      | Reached skill level 8 in Polearms
  5387 | D:6      | Reached skill level 9 in Polearms
  5387 | D:6      | Reached XP level 8. HP: 55/61 MP: 8/8
  5447 | D:6      | Noticed a two-headed ogre
  5905 | D:6      | Reached skill level 5 in Fighting
  6138 | D:6      | Killed a two-headed ogre
  6138 | D:6      | Reached skill level 10 in Polearms
  6138 | D:6      | Reached skill level 5 in Stealth
  6138 | D:6      | Reached XP level 9. HP: 69/69 MP: 9/9
  6273 | D:7      | Reached skill level 11 in Polearms
  6282 | D:7      | Found a sand-covered staircase.
  6289 | Ossuary  | Entered an ossuary
  7382 | D:7      | Noticed Dowan
  7424 | D:7      | Noticed Duvessa
  7454 | D:7      | Killed Dowan
  7789 | D:7      | Reached skill level 12 in Polearms
  7832 | D:7      | Killed Duvessa
  7869 | D:7      | Found an iron altar of Okawaru.
  8038 | D:8      | Noticed a two-headed ogre
  8686 | D:7      | Killed a two-headed ogre
  8686 | D:7      | Reached skill level 13 in Polearms
  8686 | D:7      | Reached XP level 10. HP: 50/79 MP: 10/10
  9640 | D:8      | Noticed a two-headed ogre
  9803 | D:7      | Killed a two-headed ogre
  9803 | D:7      | Reached skill level 14 in Polearms
 10083 | D:8      | Reached skill level 10 in Dodging
 10331 | D:8      | Slain by a polar bear

Skill      XL: |  1  2  3  4  5  6  7  8  9 10 |
---------------+-------------------------------+-----
Stealth        | 1 2 3 4 5 7 8 |  8.3
Polearms       | 5 6 7 9 10 13 14 | 14.1
Fighting       | 3 4 5 7 8 |  8.0
Dodging        | 5 6 7 9 10 | 10.0
Throwing       | |  2.0

Action                   |  1- 3 |  4- 6 |  7- 9 | 10-12 || total
-------------------------+-------+-------+-------+-------++-------
Melee: Trident           |   127 |   170 |       |       ||   297
       Halberd           |       |     7 |   370 |   136 ||   513
       Tailslap          |       |       |     3 |       ||     3
  Use: Scroll            |       |     5 |     4 |     1 ||    10
       Potion            |       |       |     6 |     1 ||     7
 Stab: Sleeping          |     2 |     4 |    10 |     4 ||    20
       Distracted        |       |     1 |     1 |     1 ||     3
  Eat: Chunk             |     2 |    14 |    15 |    13 ||    44
       Ration            |       |     1 |       |       ||     1
Armor: Leather armour    |    22 |    18 |    42 |    20 ||   102
Dodge: Dodged            |    89 |    78 |   215 |    86 ||   468
